 Dungeon Crawl Stone Soup version 0.28.0-53-g5a82cb258f (webtiles) character file.

Game seed: 12331707380028018220

1447 safid the Cleaver (level 8, -4/66 HPs)
             Began as a Hill Orc Fighter on Aug 18, 2022.
             Slain by a sixfirhy (10 damage)
             ... summoned by a kobold demonologist
             ... on level 6 of the Dungeon.
             The game lasted 00:07:28 (5863 turns).

safid the Cleaver (Hill Orc Fighter)                Turns: 5863, Time: 00:07:29

Health: -4/66      AC: 10    Str: 21    XL:     8   Next: 75%
Magic:  8/8        EV:  9    Int:  8    God:
Gold:   48         SH:  5    Dex: 16    Spells: 7/7 levels left

rFire   . . .      SeeInvis .   u - +8 whip of the Ghost {freeze, Stlth+}
rCold   + . .      Faith    .   c - +0 buckler
rNeg    . . .      Spirit   .   b - +0 scale mail
rPois   .          Reflect  .   (no helmet)
rElec   .          Harm     .   r - +2 cloak
rCorr   .          Rampage  .   (no gloves)
Will    .....                   (no boots)
Stlth   +.........              (no amulet)
HPRegen 0.21/turn               f - ring of protection from cold
MPRegen 0.11/turn               y - +6 ring of dexterity

@: no status effects
A: no striking features
a: no special abilities


You were on level 6 of the Dungeon.
You visited 1 branch of the dungeon, and saw 6 of its levels.
You also visited: Sewer.

You collected 300 gold pieces.
You spent 252 gold pieces at shops.

Inventory:

Hand Weapons
 a - a +0 war axe
 u - the +8 whip of the Ghost (weapon) {freeze, Stlth+}
   (You found it on level 4 of the Dungeon)

   It freezes those it strikes, dealing additional cold damage.
   It can also slow down cold-blooded creatures.
   Stlth:     It makes you more stealthy.
Missiles
 j - 2 javelins (quivered)
 D - 21 poisoned darts
 E - 2 throwing nets
Armour
 b - a +0 scale mail (worn)
 c - a +0 buckler (worn)
 r - a +2 cloak (worn)
Jewellery
 f - a ring of protection from cold (left hand)
 o - a ring of fire
 y - a +6 ring of dexterity (right hand)
Wands
 t - a wand of iceblast (6)
 w - a wand of digging (6)
Scrolls
 g - a scroll of enchant armour
 i - a scroll of fear {unknown}
 l - a scroll of magic mapping {unknown}
 n - a scroll of identify
 s - a scroll of summoning {unknown}
 v - a scroll of teleportation
 x - 2 scrolls of blinking
 A - a scroll of immolation {unknown}
 C - a scroll of vulnerability {unknown}
Potions
 d - a potion of might
 e - 2 potions of attraction
 h - a potion of brilliance
 k - a potion of magic {unknown}
 m - 2 potions of heal wounds
 p - 2 potions of curing
 q - a potion of lignification {unknown}
 z - 2 potions of flight
 B - a potion of ambrosia {unknown}
 F - a potion of invisibility
 G - a potion of haste


   Skills:
 - Level 4.0 Fighting
 + Level 13.1 Axes
 - Level 4.0 Armour
 - Level 4.0 Shields


You had 7 spell levels left.
You didn't know any spells.
Your spell library contained the following spells:

 Spells                   Type           Power      Damage    Failure   Level
 Magic Dart               Conj           0%         1d3       83%         1
 Slow                     Hex            0%         N/A       83%         1
 Call Imp                 Summ           0%         N/A       92%         2
 Confusing Touch          Hex            0%         N/A       99%         3
 Conjure Flame            Conj/Fire      0%         6-21      99%         3
 Ignite Poison            Fire/Tmut/Pois 0%         N/A       99%         3
 Inner Flame              Hex/Fire       0%         N/A       99%         3
 Mephitic Cloud           Conj/Pois/Air  0%         N/A       99%         3
 Vampiric Draining        Necr           0%         2d6       99%         3
 Cause Fear               Hex            0%         N/A       100%        4
 Sticky Flame             Conj/Fire      0%         2d3       100%        4
 Malign Gateway           Summ/Tloc      0%         N/A       100%        7
 Discord                  Hex            0%         N/A       100%        8
 Summon Horrible Things   Summ           0%         N/A       100%        8


Dungeon Overview and Level Annotations

Branches:
Dungeon (6/15)              Sewer (visited)
 Temple: D:4-7

Altars:
Okawaru
Trog

Shops:
D:6 ![


Message History

The ice beast is severely wounded.
The ice beast misses you.
You whack the ice beast!
You kill the ice beast!
Your Axes skill increases to level 13!
No target in view!
No target in view!
No target in view!
No target in view!
No target in view!
No target in view!
No target in view!
No target in view!
No target in view!
A kobold demonologist comes into view. It is wielding a +0 dagger.
Found 2 bubbling amethyst potions.
The kobold demonologist shouts!
The kobold demonologist casts a spell.
There are monsters nearby!
The kobold demonologist hits you but does no damage.
You closely miss the kobold demonologist.
The kobold demonologist hits you with a +0 dagger.
Unknown command.
You hit the kobold demonologist. You freeze the kobold demonologist.
The kobold demonologist is lightly wounded.
The sixfirhy hits you. The sixfirhy shocks you!
The sixfirhy hits you but does no damage.
You block the kobold demonologist's attack.
You whack the kobold demonologist! You freeze the kobold demonologist.
The kobold demonologist is heavily wounded.
The sixfirhy hits you but does no damage.
The sixfirhy hits you. The sixfirhy shocks you!
You hit the kobold demonologist. You freeze the kobold demonologist.
The kobold demonologist is severely wounded.
The sixfirhy hits you! The sixfirhy shocks you!
* * * LOW HITPOINT WARNING * * *
The sixfirhy hits you.
* * * LOW HITPOINT WARNING * * *
The sixfirhy shocks you!
You die...

#.# ##..# ####.#### #.# ##...#
#.# #.# #....# #####.# #.####.#
#....###.....#
#......######....#.....########
..####...#.....#!#####..# #..#
##.....# ##.#####..# #..+
#.###.###K3##.....#####..#
...###..##@###..<..........
#...............######..#...
######...####........# ##.....
.......#.# ##..####.# ##....
###....#.. #.## #.### ##..#
....#. ..# #...#######..# #.##
#.#..#....)... # #.
#.##.#........ # #.
#.##..........


You could see a kobold demonologist and a sixfirhy (summoned).

Vanquished Creatures
  Sigmund (D:5)
  A water moccasin (D:6)
  An ice beast (D:6)
  2 ogres
  A phantom (D:4)
  A kobold brigand (D:6)
  2 bullfrogs (Sewer)
  A centaur zombie (D:6)
  3 hounds
  A bullfrog zombie (D:5)
  2 bullfrog skeletons
  An orc priest (D:5)
  3 iguanas
  2 orc wizards
  4 gnolls
  8 adders
  2 white imps
  An ufetubus (D:5)
  2 adder skeletons (D:4)
  3 dart slugs
  23 orcs
  9 ball pythons
  6 bats
  6 endoplasms
  9 giant cockroaches
  13 hobgoblins
  14 kobolds
  3 quokkas
  7 frilled lizards
  9 goblins
  4 rats
145 creatures vanquished.

Vanquished Creatures (others)
  2 plants
2 creatures vanquished.

Grand Total: 147 creatures vanquished

Notes
Turn   | Place    | Note
-------+----------+-------------------------------------------
     0 | D:1      | safid the Hill Orc Fighter began the quest for the Orb.
     0 | D:1      | Reached XP level 1. HP: 19/19 MP: 1/1
     9 | D:1      | Found a faded altar of an unknown god.
    76 | D:1      | Reached XP level 2. HP: 27/27 MP: 2/2
   100 | D:1      | Reached skill level 3 in Axes
   566 | D:2      | Reached XP level 3. HP: 31/33 MP: 3/3
   997 | D:2      | You fall into a shaft and drop 1 floor!
  1024 | D:3      | Reached XP level 4. HP: 36/40 MP: 4/4
  1049 | D:3      | Reached skill level 4 in Axes
  1372 | D:3      | Found a bloodstained altar of Trog.
  1372 | D:3      | Found an iron altar of Okawaru.
  1864 | D:3      | Reached skill level 5 in Axes
  2164 | D:3      | Reached XP level 5. HP: 46/46 MP: 5/5
  2325 | D:4      | Identified the +8 whip of the Ghost {freeze, Stlth+}
  2367 | D:4      | Noticed a phantom
  2386 | D:4      | Killed a phantom
  2387 | D:4      | Reached skill level 6 in Axes
  2466 | D:4      | Reached XP level 6. HP: 47/52 MP: 6/6
  2467 | D:4      | Found a glowing drain.
  2489 | Sewer    | Entered a sewer
  2580 | Sewer    | Reached skill level 7 in Axes
  2766 | Sewer    | Reached skill level 8 in Axes
  3404 | D:4      | Reached XP level 7. HP: 43/59 MP: 7/7
  3417 | D:4      | Reached skill level 9 in Axes
  4549 | D:5      | Entered Level 5 of the Dungeon
  4824 | D:5      | Reached skill level 10 in Axes
  5313 | D:5      | Noticed Sigmund
  5317 | D:5      | Killed Sigmund
  5318 | D:5      | Reached skill level 11 in Axes
  5318 | D:5      | Reached XP level 8. HP: 66/66 MP: 8/8
  5491 | D:6      | Reached skill level 12 in Axes
  5797 | D:6      | Found Pituim's Antique Armour Emporium.
  5802 | D:6      | Found Hiunaoh's Distillery.
  5831 | D:6      | Bought a potion of invisibility for 96 gold pieces
  5831 | D:6      | Bought a potion of flight for 36 gold pieces
  5831 | D:6      | Bought a potion of haste for 120 gold pieces
  5849 | D:6      | Reached skill level 13 in Axes
  5858 | D:6      | Noticed a kobold demonologist
  5859 | D:6      | Noticed a sixfirhy
  5863 | D:6      | Slain by a sixfirhy

Illustrated notes

Levels and vault maps discovered:
D:1:      eino_arrival_water_cross, layout_rooms, basic_ecumenical_altar
D:2:      wander_river, layout_loops_ring
D:3:      layout_basic, grunt_temple_overflow_bloody_war, minmay_close_crescents
D:4:      layout_loops_corners, portal_sewer_entry_b, minmay_misc_feat_doors
D:5:      layout_loops_ring, guppyfry_early_lair_pool, uniq_sigmund
D:6:      layout_rooms, serial_shops, nicolae_shop_behind_doors,
          nicolae_shop_crystal, shop

Skill      XL: |  1  2  3  4  5  6  7  8 |
---------------+-------------------------+-----
Axes           | 3 5 6 8 11 13 | 13.1
Fighting       | 4 |  4.0
Armour         | 4 |  4.0
Shields        | 4 |  4.0

Action                   |  1- 3 |  4- 6 |  7- 9 || total
-------------------------+-------+-------+-------++-------
Melee: War axe           |    99 |    70 |       ||   169
       Whip              |       |   118 |   149 ||   267
  Use: Potion            |       |     3 |     1 ||     4
       Scroll            |       |       |     3 ||     3
Armor: Scale mail        |    56 |    86 |    54 ||   196
Dodge: Dodged            |    48 |    74 |    46 ||   168
Block: Buckler           |    25 |    31 |    27 ||    83
